Map: Echo LE

Players

CatZ

  • Race: Zerg Zerg
  • Spawn Location: 11:00

Nerchio - Winner!

  • Race: Zerg Zerg
  • Spawn Location: 5:00

Event: LycanGTV LotV Beta Tournament 1

VOD

Have the link to the VOD?

Description

Time

  • Played on: April 2, 2015, 2:01 p.m.
  • Length: 12:09

All games in this series

Show
View Real Time Build Order
Export as new Build Order

CatZ Zerg 

Build Orders: Hatch First 

Get SALT Encoding   

  12  0:01  Drone  
  13  0:08  Drone  
  14  0:16  Overlord  
  14  0:27  Drone, Extractor  
  14  0:28  Drone, Extractor  
  16  0:48  Hatchery  
  15  1:02  Spawning Pool  
  14  1:05  Drone  
  14  1:09  Drone  
  16  1:12  Drone  
  16  1:17  Drone  
  18  1:26  Extractor  
  18  1:27  Overlord  
  17  1:38  Drone  
  18  1:48  Drone  
  18  1:50  Queen  
  21  1:59  Zergling x2  
  21  2:00  Queen  
  21  2:01  Drone  
  25  2:10  Drone  
  25  2:11  Drone  
  27  2:21  Drone  
  28  2:23  Drone  
  28  2:25  Queen  
  31  2:34  Drone x2  
  33  2:46  Drone x2  
  33  2:47  Spine Crawler  
  34  2:53  Overlord  
  34  2:55  Drone  
  34  2:58  Drone  
  35  3:00  Overlord  
  35  3:01  Lair  
  35  3:08  Evolution Chamber  
  35  3:09  Drone x2  
  35  3:12  Drone x2  
  38  3:19  Roach Warren  
  37  3:21  Drone  
  37  3:23  Drone  
  37  3:24  Drone  
  40  3:28  Drone, Extractor  
  40  3:31  Extractor  
  39  3:43  Evolution Chamber  
  39  3:44  Zergling x12  
  44  3:50  Zergling x6  
  47  4:00  Roach x3  
  44  4:06  Drone  
  44  4:09  Zerg Missile Weapons Level 1  
  39  4:15  Drone  
  39  4:16  Drone  
  39  4:25  Drone  
  39  4:26  Drone  
  39  4:28  Glial Reconstitution  
  41  4:34  Drone x2  
  43  4:42  Drone x2  
  43  4:43  Drone x2  
  48  4:45  Drone  
  48  4:48  Drone  
  49  4:56  Overlord  
  49  4:58  Drone  
  47  5:13  Drone x3  
  47  5:14  Drone x3  
  51  5:22  Roach  
  51  5:23  Roach x3  
  51  5:26  Roach  
  60  5:30  Roach  
  58  5:39  Roach x2  
  60  5:43  Overlord  
  60  5:53  Overlord  
  60  5:58  Overlord  
  60  6:10  Overlord  
  60  6:13  Roach x4  
  60  6:17  Roach x3  
  74  6:22  Ravager x2  
  74  6:24  Overlord  
  76  6:31  Ravager x4  
  80  6:33  Ravager  
  80  6:35  Overlord  
  80  6:37  Hatchery  
  80  6:39  Overlord  
  80  6:45  Roach x2  
  84  6:57  Roach x5  
  96  7:01  Roach  
  85  7:16  Roach x3  
  85  7:17  Roach x3  
  85  7:19  Drone x3  
  100  7:24  Overlord  
  100  7:38  Overlord  
  100  7:49  Roach  
  100  7:50  Roach  
  92  7:53  Roach  
  92  7:54  Roach x6  
  92  7:55  Roach x3  
  102  7:59  Roach  
  102  8:00  Drone, Roach  
  107  8:05  Drone  
  108  8:13  Drone x2  
  108  8:18  Drone x2  
  112  8:23  Queen  
  114  8:28  Drone  
  114  8:29  Extractor  
  114  8:32  Drone x3  
  118  8:34  Ravager x3  
  118  8:36  Ravager  
  118  8:37  Overlord x2  
  118  8:39  Drone  
  122  8:48  Overlord  
  122  8:55  Overlord  
  122  8:56  Roach  
  122  8:57  Roach x5  
  122  9:00  Roach  
  136  9:07  Roach x2  
  140  9:12  Overlord x2  
  140  9:13  Roach  
  140  9:14  Roach x2  
  146  9:19  Overlord x2  
  146  9:29  Overlord  
  146  9:36  Ravager x3  
  146  9:38  Drone x3  
  152  9:39  Extractor  
  152  9:40  Roach x2, Extractor  
  152  9:41  Roach  
  152  9:42  Overlord x2  
  156  9:51  Roach x4  
  156  9:52  Overlord  
  164  9:59  Overseer  
  160  10:02  Overseer  
  135  10:20  Roach  
  135  10:21  Roach x8  
  113  10:22  Drone x5  
  113  10:23  Drone x3  
  113  10:24  Drone  
  119  10:33  Drone x2  
  118  10:38  Drone  
  118  10:40  Drone  
  118  10:42  Drone  
  118  10:56  Ravager x3  
  118  10:57  Ravager x2  
  123  10:59  Roach x2  
  123  11:02  Roach  
  123  11:03  Roach  
  131  11:04  Overlord  
  131  11:17  Roach x5  
  141  11:19  Roach  
  141  11:21  Drone  
  144  11:29  Ravager x3  
  106  11:49  Roach x9  
  106  11:50  Roach  
Show
View Real Time Build Order
Export as new Build Order

Nerchio Zerg - Winner!

Build Orders: Hatch First 

Get SALT Encoding   

  12  0:01  Drone  
  13  0:12  Overlord  
  13  0:17  Drone  
  14  0:31  Drone x2  
  16  0:38  Drone  
  17  0:46  Drone  
  18  0:57  Drone  
  18  0:58  Hatchery  
  18  1:02  Extractor  
  17  1:12  Spawning Pool  
  17  1:15  Drone  
  17  1:18  Drone  
  18  1:28  Drone  
  19  1:39  Overlord  
  19  1:55  Drone  
  19  1:59  Queen  
  19  2:00  Zergling x2  
  23  2:02  Metabolic Boost  
  23  2:09  Queen  
  23  2:10  Drone  
  23  2:11  Drone  
  27  2:22  Baneling Nest  
  26  2:23  Drone x2  
  28  2:32  Drone x2  
  30  2:42  Overlord  
  30  2:59  Queen  
  32  3:08  Zergling x18  
  41  3:14  Overlord  
  41  3:17  Baneling x2  
  41  3:20  Drone x3  
  44  3:32  Drone x4  
  48  3:35  Extractor  
  48  3:38  Baneling x2  
  47  3:44  Drone  
  47  3:45  Drone x4  
  51  3:50  Drone  
  51  3:54  Overlord  
  51  4:02  Roach Warren  
  49  4:03  Drone x4  
  50  4:11  Zergling x2  
  50  4:16  Zergling x2  
  48  4:33  Pneumatized Carapace  
  48  4:34  Overlord  
  48  4:37  Hatchery  
  48  4:38  Extractor  
  46  4:43  Roach x3, Baneling x2  
  46  4:44  Roach x4  
  60  4:47  Overlord  
  60  5:01  Zergling x8  
  63  5:08  Drone x3  
  63  5:09  Drone x5  
  63  5:13  Drone  
  71  5:16  Lair  
  71  5:20  Ravager  
  71  5:21  Ravager  
  73  5:25  Drone x2  
  73  5:28  Extractor  
  74  5:30  Evolution Chamber  
  74  5:31  Evolution Chamber  
  70  5:48  Overlord  
  70  5:49  Overlord x2  
  70  5:50  Roach x6  
  80  5:57  Drone x2  
  80  6:00  Overlord  
  82  6:04  Zerg Missile Weapons Level 1  
  82  6:06  Zerg Ground Armor Level 1  
  82  6:09  Roach x2  
  86  6:12  Roach  
  86  6:16  Overseer  
  86  6:18  Overseer  
  88  6:20  Roach  
  88  6:22  Roach  
  88  6:23  Roach  
  94  6:27  Roach  
  94  6:28  Roach  
  94  6:31  Roach  
  100  6:35  Roach  
  100  6:36  Roach  
  100  6:38  Drone x3  
  100  6:39  Drone  
  108  6:41  Drone  
  108  6:42  Drone  
  108  6:44  Drone  
  108  6:45  Drone  
  113  6:47  Drone  
  113  6:50  Ravager  
  113  6:52  Overlord  
  113  6:53  Overlord  
  114  6:57  Overlord  
  114  7:02  Overlord, Extractor  
  113  7:13  Roach x7  
  125  7:19  Burrow, Roach  
  125  7:20  Roach  
  125  7:22  Roach  
  131  7:25  Roach x2  
  131  7:28  Roach  
  131  7:29  Roach  
  139  7:33  Roach  
  139  7:34  Roach x2  
  139  7:37  Drone  
  146  7:42  Extractor  
  145  7:49  Roach  
  145  7:50  Roach x4  
  145  7:51  Roach  
  146  7:52  Roach x2  
  146  7:53  Roach  
  146  7:57  Roach  
  146  7:58  Roach  
  126  7:59  Roach  
  126  8:01  Roach  
  126  8:03  Roach  
  126  8:05  Roach  
  130  8:07  Roach  
  130  8:09  Roach  
  130  8:11  Roach  
  136  8:13  Drone x2  
  136  8:17  Drone  
  136  8:18  Drone x2  
  141  8:20  Zerg Missile Weapons Level 2  
  141  8:24  Drone  
  141  8:25  Drone  
  143  8:27  Drone  
  143  8:29  Glial Reconstitution  
  143  8:33  Drone  
  143  8:34  Overlord  
  145  8:37  Overlord, Drone  
  146  8:48  Overlord  
  146  8:50  Overlord  
  146  8:53  Ravager x5  
  146  8:54  Ravager  
  152  8:57  Drone x2  
  152  9:00  Overlord x2  
  152  9:01  Roach  
  156  9:03  Roach  
  156  9:04  Roach  
  156  9:07  Roach  
  156  9:08  Roach  
  156  9:09  Roach  
  166  9:10  Hatchery  
  166  9:11  Roach  
  166  9:14  Roach  
  166  9:15  Roach  
  166  9:17  Roach  
  173  9:18  Roach  
  173  9:20  Roach  
  173  9:22  Roach  
  173  9:23  Roach  
  181  9:24  Roach  
  181  9:27  Roach  
  181  9:28  Roach  
  187  9:32  Roach x2  
  187  9:33  Roach  
  187  9:36  Overlord, Roach x3  
  187  9:37  Roach x4  
  193  9:45  Overlord  
  185  10:12  Roach  
  185  10:13  Roach x7  
  181  10:18  Roach x5  
  149  10:28  Roach x2  
  143  10:29  Roach, Queen  
  143  10:30  Queen  
  147  10:37  Roach x2  
  147  10:42  Overseer x2  
  151  10:44  Roach  
  151  10:47  Ravager x2, Roach  
  151  10:48  Roach  
  151  10:49  Roach x3  
  161  10:50  Roach  
  161  10:54  Roach x5  
  161  10:55  Infestation Pit  
  161  10:56  Roach x7  
  174  10:57  Roach  
  174  10:58  Roach x2  
  174  10:59  Roach x2  
  174  11:01  Roach  
  174  11:02  Roach x3  
  192  11:10  Roach  
  194  11:14  Ravager x2  
  196  11:19  Ravager  
  197  11:32  Roach  
  180  11:47  Extractor  
  180  11:50  Extractor  

Tags
 
Add a new tag
Caveats
  • Supply blocks, unpowered buildings, or Contaminate may cause inaccurate times.
  • Supply counts are checked every 10 seconds.